 Dungeon Crawl Stone Soup version 0.32-a0-837-g8d3e27d251 (webtiles) character file.

Game seed: 17534634872082058088

1561945 NormalPerson7 the Demonologist (level 27, 159/159 HPs)
             Began as a Vine Stalker Enchanter on Mar 23, 2024.
             Was the Champion of Yredelemnul.
             Escaped with the Orb
             ... and 3 runes on Mar 26, 2024!
             The game lasted 09:57:42 (82515 turns).

NormalPerson7 the Demonologist (VSEn)              Turns: 82515, Time: 09:57:43

Health: 159/159    AC: 18    Str: 10      XL:     27
Magic:  37/37      EV: 26    Int: 27 (28) God:    Yredelemnul [******]
Gold:   3670       SH: 10    Dex: 24      Spells: 4/52 levels left

rFire   + + .        b - +8 demon whip (heavy)
rCold   + . .        C - +3 buckler {reflect}
rNeg    + + .        V - +2 robe {rC+ rF+}
rPois   +            m - +2 helmet {SInv}
rElec   .            g - +2 cloak {Will+}
rCorr   +            O - +2 pair of gloves {infuse}
SInv    +            k - +1 pair of boots of Qaeciuz {rPois rN++}
Will    ++++.        N - amulet of magic regeneration
Stlth   +++          (no ring)
HPRegen 1.26/turn    w - ring "Qisoim" {+Blink rF+ rCorr Dex+3 Slay+2}
MPRegen 0.65/turn

%: random rage (3%), reflection, guardian spirit, infuse magic (1 MP)
@: wreathed by umbra, studying 3 skills
A: fangs 3, regeneration 1, magic shield, antimagic bite, no potion heal 2,
iridescent scales 1, agile 1, berserk 1, clever 1, deformed body, low MP 1
0: Orb of Zot
}: 3/15 runes: barnacled, slimy, gossamer
a: Renounce Religion, Evoke Blink, Light the Black Torch, Recall Undead Harvest,
Hurl Torchlight, Bind Soul, Fathomless Shackles


You escaped.
You worshipped Yredelemnul.
Yredelemnul was pleased with you.
You visited 11 branches of the dungeon, and saw 52 of its levels.
You visited 1 bazaar.
You also visited: Gauntlet, Ice Cave and Desolation.

You collected 10482 gold pieces.
You spent 6812 gold pieces at shops.

Inventory:

Hand Weapons
 b - a +8 heavy demon whip (weapon)
Missiles
 B - 4 darts of dispersal
 D - 25 javelins
 J - 12 curare-tipped darts
 L - 16 silver javelins
Armour
 g - a +2 cloak of willpower (worn)
 k - the +1 pair of boots of Qaeciuz (worn) {rPois rN++}
   (You acquired it on level 1 of the Elven Halls)

   rPois:     It protects you from poison.
   rN++:      It greatly protects you from negative energy.
 m - a +2 helmet of see invisible (worn)
 C - a +3 buckler of reflection (worn)
 O - a +2 pair of gloves of infusion (worn)
 V - a +2 robe of resistance (worn)
Jewellery
 e - a ring of the Octopus King {rN+ HP+2 AC+2 EV+2 SH+2}
   (You took it off a deep elf elementalist on level 3 of the Elven Halls)

   [ring of positive energy]

   AC+2:      It affects your AC (+2).
   EV+2:      It affects your evasion (+2).
   rN+:       It protects you from negative energy.
   HP+2:      It affects your health (+2).
   SH+2:      It affects your SH (+2).
 r - the ring of Goji {rC+ Dex+6}
   (You found it in the Desolation of Salt)

   [ring of dexterity]

   Dex+6:     It affects your dexterity (+6).
   rC+:       It protects you from cold.
 w - the ring "Qisoim" (right hand) {+Blink rF+ rCorr Dex+3 Slay+2}
   (You acquired it on level 1 of the Elven Halls)

   [ring of protection from fire]

   Dex+3:     It affects your dexterity (+3).
   Slay+2:    It affects your accuracy & damage with ranged weapons and melee
   (+2).
   rF+:       It protects you from fire.
   +Blink:    It lets you blink.
   rCorr:     It protects you from acid and corrosion.
 N - an amulet of magic regeneration (around neck)
 Z - the ring "Qenia" {Ice rElec rN+ Dex+7}
   (You found it on level 5 of the Pits of Slime)

   [ring of ice]

   Ice:       It enhances your ice magic.
   Dex+7:     It affects your dexterity (+7).
   rF-:       It makes you vulnerable to fire.
   rC+:       It protects you from cold.
   rElec:     It insulates you from electricity.
   rN+:       It protects you from negative energy.
Wands
 d - a wand of quicksilver (5)
 s - a wand of warping (30)
 u - a wand of paralysis (53)
 v - a wand of polymorph (17)
 G - a wand of mindburst (20)
 H - a wand of digging (17)
Scrolls
 i - a scroll of revelation
 n - 8 scrolls of fear
 o - 10 scrolls of poison
 t - 16 scrolls of teleportation
 x - 2 scrolls of blinking
 E - a scroll of summoning {!r}
 M - 6 scrolls of fog
 Q - 3 scrolls of vulnerability
 R - 8 scrolls of immolation
 S - a scroll of silence
Potions
 a - 4 potions of berserk rage
 c - 24 potions of curing
 f - 2 potions of haste
 h - 9 potions of attraction
 j - 6 potions of mutation
 l - a potion of cancellation
 p - 6 potions of brilliance
 q - 4 potions of ambrosia
 y - 2 potions of magic
 F - 11 potions of might
 I - a potion of resistance
 K - 7 potions of enlightenment
 P - a potion of invisibility
 T - 3 potions of lignification
Miscellaneous
 z - a phial of floods
 X - a condenser vane


   Skills:
 + Level 21.0 Fighting
 - Level 4.0 Short Blades
 - Level 12.0 Maces & Flails
 - Level 8.0 Armour
 - Level 17.0 Dodging
 - Level 6.0 Stealth
 + Level 9.7 Shields
 - Level 13.0 Spellcasting
 - Level 7.0 Hexes
 - Level 22.3 Summonings
 - Level 11.0 Necromancy
 - Level 11.0 Translocations
 - Level 5.0 Ice Magic
 - Level 9.0 Air Magic
 - Level 14.0 Invocations
 - Level 13.0 Evocations


You had 4 spell levels left.
You knew the following spells:

 Your Spells              Type           Power      Damage    Failure   Level
a - Manifold Assault      Tloc           67%        N/A       1%          4
g - Summon Cactus Giant   Summ           47%        N/A       1%          6
h - Summon Horrible Thin  Summ           47%        N/A       2%          8
m - Malign Gateway        Summ/Tloc      41%        N/A       3%          7
o - Ozocubu's Armour      Ice            44%        N/A       1%          3
p - Apportation           Tloc           100%       N/A       1%          1
r - Frozen Ramparts       Ice            88%        1d14      1%          3
s - Airstrike             Air            30%        2d(5-21)  1%          4
t - Tukima's Dance        Hex            53%        N/A       1%          3
x - Haunt                 Necr/Summ      41%        N/A       3%          7
X - Blink                 Tloc           100%       N/A       1%          2

Your spell library contained the following spells:

 Spells                   Type           Power      Damage    Failure   Level
 Summon Small Mammal      Summ           100%       N/A       0%          1
 Call Imp                 Summ           100%       N/A       0%          2
 Call Canine Familiar     Summ           95%        N/A       0%          3
 Freeze                   Ice            100%       1d10      1%          1
 Kiss of Death            Conj/Necr      100%       2d13      1%          1
 Necrotise                Necr           100%       1d9       1%          1
 Shock                    Conj/Air       100%       1d9       1%          1
 Slow                     Hex            100%       N/A       1%          1
 Cigotuvi's Dreadful Rot  Necr/Alch/Air  100%       N/A       1%          2
 Ensorcelled Hibernation  Hex/Ice        98%        N/A       1%          2
 Jinxbite                 Hex            100%       N/A       1%          2
 Lesser Beckoning         Tloc           100%       N/A       1%          2
 Mercury Vapours          Alch/Air       82%        N/A       1%          2
 Momentum Strike          Conj/Tloc      94%        3d10      1%          2
 Static Discharge         Conj/Air       82%        3-7/arc   1%          2
 Sublimation of Blood     Necr           67%        N/A       1%          2
 Confusing Touch          Hex            53%        N/A       1%          3
 Fugue of the Fallen      Necr           67%        N/A       1%          3
 Gell's Gravitas          Tloc           67%        N/A       1%          3
 Sigil of Binding         Hex            53%        N/A       1%          3
 Summon Ice Beast         Ice/Summ       74%        N/A       1%          3
 Swiftness                Air            60%        N/A       1%          3
 Teleport Other           Tloc           67%        N/A       1%          3
 Vampiric Draining        Necr           67%        2d10      1%          3
 Volatile Blastmotes      Fire/Tloc      94%        2d17      1%          3
 Animate Armour           Summ/Erth      100%       N/A       1%          4
 Dimensional Bullseye     Hex/Tloc       30%        N/A       1%          4
 Dispel Undead            Necr           67%        3d23      1%          4
 Martyr's Knell           Necr/Summ      82%        N/A       1%          4
 Passage of Golubria      Tloc           67%        N/A       1%          4
 Summon Blazeheart Golem  Fire/Summ      67%        N/A       1%          4
 Summon Lightning Spire   Summ/Air       80%        N/A       1%          4
 Dazzling Flash           Conj/Hex       72%        N/A       2%          3
 Inner Flame              Hex/Fire       36%        N/A       2%          3
 Mephitic Cloud           Conj/Alch/Air  33%        N/A       3%          3
 Foxfire                  Conj/Fire      68%        2x1d7     4%          1
 Magic Dart               Conj           68%        1d6       4%          1
 Hailstorm                Conj/Ice       31%        3d8       4%          3
 Iskenderun's Mystic Bla  Conj/Tloc      47%        2d10      4%          4
 Scorch                   Fire           34%        2d6       6%          2
 Searing Ray              Conj           34%        2d5       6%          2
 Passwall                 Erth           17%        N/A       12%         3
 Stone Arrow              Conj/Erth      34%        3d9       12%         3
 Brom's Barrelling Bould  Conj/Erth      17%        2d4       36%         4
 Flame Wave               Conj/Fire      17%        2d7       36%         4
 Fulminant Prism          Conj/Alch      8%         3d6       36%         4
 Ignite Poison            Fire/Alch      17%        N/A       36%         4
 Leda's Liquefaction      Alch/Erth      8%         N/A       36%         4
 Olgreb's Toxic Radiance  Alch           17%        N/A       36%         4
 Petrify                  Alch/Erth      17%        N/A       36%         4
 Sticky Flame             Fire/Alch      17%        2d5       36%         4
 Curse of Agony           Necr           67%        N/A       1%          5
 Summon Mana Viper        Hex/Summ       77%        N/A       1%          5
 Monstrous Menagerie      Summ           47%        N/A       1%          7
 Metabolic Englaciation   Hex/Ice        24%        N/A       10%         5
 Borgnjor's Vile Clutch   Necr/Erth      23%        N/A       12%         5
 Arcjolt                  Conj/Air       20%        1d30      17%         5
 Freezing Cloud           Conj/Ice/Air   21%        6-21      17%         5
 Yara's Violent Unravell  Hex/Alch       18%        3d9       26%         5
 Spellforged Servitor     Conj/Summ      33%        N/A       34%         7
 Conjure Ball Lightning   Conj/Air       20%        3x3d6     67%         6
 Plasma Beam              Fire/Air       20%        2x1d32    67%         6
 Alistair's Intoxication  Alch           11%        N/A       73%         5
 Fireball                 Conj/Fire      8%         3d6       73%         5
 Irradiate                Conj/Alch      8%         3d14      73%         5
 Iskenderun's Battlesphe  Conj           17%        2d7       73%         5
 Lee's Rapid Deconstruct  Erth           8%         3d7*      73%         5
 Enfeeble                 Hex            26%        N/A       88%         7
 Permafrost Eruption      Ice/Erth       15%        2x4d5     91%         6
 Sculpt Simulacrum        Ice/Alch       15%        N/A       91%         6
 Infestation              Necr           33%        N/A       96%         8
 Bombard                  Conj/Erth      8%         9d2       99%         6
 Starburst                Conj/Fire      8%         6d4       99%         6
 Ozocubu's Refrigeration  Ice            22%        4d12      99%         7
 Orb of Destruction       Conj           8%         9d6       100%        7
 Discord                  Hex            26%        N/A       100%        8
 Ignition                 Fire           8%         3d5       100%        8
 Lehudib's Crystal Spear  Conj/Erth      8%         10d4      100%        8
 Fire Storm               Conj/Fire      8%         8d2       100%        9
 Polar Vortex             Ice            22%        12d2*     100%        9
 Animate Dead             Necr           Unusable   N/A       N/A         4
 Death Channel            Necr           Unusable   N/A       N/A         6

Dungeon Overview and Level Annotations

Branches:
Dungeon (15/15)            Temple (1/1) D:4            Lair (5/5) D:10
 Shoals (4/4) Lair:2       Spider (4/4) Lair:2        Slime (5/5) Lair:5
    Orc (2/2) D:11            Elf (3/3) Orc:2        Vaults (4/5) D:14
  Crypt (0/3) Vaults:3     Depths (4/4) D:15            Zot (5/5) Depths:4
  IceCv (visited)         Desolation (visited)      Gauntlet (visited)

Altars:
Ashenzari
Cheibriados
Dithmenos
Elyvilon
Fedhas
Gozag
Hepliaklqana
Kikubaaqudgha
Makhleb
Nemelex Xobeh
Okawaru
Qazlal
Ru
Sif Muna
Trog
Uskayaw
Vehumet
Wu Jian
Xom
Yredelemnul
Zin
The Shining One
Beogh
Jiyva

Shops:
D:1 :   D:7 *   Orc:1 (**   Orc:2 ([*=   Elf:1 *   Elf:3 ([*(   Shoals:1 (
Vaults:2 !   Vaults:4 *   Depths:3 *[(

Portals:
Hell: Depths:1 Depths:2 Depths:3 Depths:4
Abyss: Depths:2 Depths:3
Pandemonium: Depths:2 Depths:3
Ziggurat: Depths:4

Annotations:
Temple 2 transporters
Elf:2 Roxanne
Vaults:4 8 runed translucent doors, exclusion: 4 doors, AgonHex's ghost, veteran HOFi


Innate Abilities, Weirdness & Mutations

You have razor-sharp teeth.
Your natural rate of healing is unusually fast.
When hurt, damage is shared between your health and your magic reserves.
Your bite disrupts and absorbs the magic of your enemies.
Potions cannot restore your health.
You are partially covered in iridescent scales. (AC +2)
You are agile. (Dex +4, Str/Int -1)
You sometimes lose your temper in combat.
Your mind is acute. (Int +4, Str/Dex -1)
Armour fits poorly on your strangely shaped body.
Your magical capacity is low. (-10% MP)


Message History

Where to? (Tab/Enter - D:1 @ (x,y), ? - help)
An Executioner comes into view.
You thrash the Executioner!! Your bite misses the Executioner.
The Executioner is moderately wounded.
You thrash the Executioner!! You bite the Executioner. You drain its magic.
You feel invigorated.
The Executioner is severely wounded.
The Executioner gestures.
The Executioner seems to speed up.
You whack the Executioner! You bite the Executioner.
You kill the Executioner!
A black mist starts to gather...
You feel your intelligence returning.
(D) Dungeon (T) Temple (L) Lair (A) Shoals (N) Spider Nest (M) Slime Pits (O) Orcish Mines (E) Elven Halls (V) Vaults (C) Crypt (U) Depths (H) Hell (Z) Zot
Where to? (Tab/Enter - D:1 @ (x,y), ? - help) Magic restored.
There is a stone staircase leading up here.
You climb upwards.
Your mindless puppet stays behind to rot.
There is a stone staircase leading down here.
There is a stone staircase leading up here.
You climb upwards.
There is a stone staircase leading down here.
There is a stone staircase leading up here.
You climb upwards.
There is a stone staircase leading down here.
You see here a +0 halberd.
There is a stone staircase leading up here.
You climb upwards.
There is a stone staircase leading down here.
You see here a +0 club.
There is a stone staircase leading up here.
You climb upwards.
There is a stone staircase leading down here.
There is a dry fountain here.
There is a staircase leading out of the dungeon here.
You have escaped!

# ###......................####.
# ##....#.####.####.####.##...##.
#..###...##...##...##...###..#.
#.## #.⌠.##.⌠.##.⌠.##.⌠.# ##.#.
#.####...##...##...##...####.#.
###...###.####.####.####.###...#.
..#.⌠.###.####.####.####.###.⌠.#.
..#....................÷.......#.
..##.##.........@..........##.##.
..#............................#.
..#.⌠.###.####.####.####.###.⌠.##
..#...###.####.####.####.###...#.
..#.####...##...##...##...####.#.
..#.## #.⌠.##.⌠.##.⌠.##.⌠.# ##.#.
..#..###...##...##...##...###..##
..##...##.####.####.####.##...##
..####......................#####


There were no monsters in sight!

Vanquished Creatures
  the Royal Jelly (Slime:5)
  3 orbs of fire (Zot:5)
  A Killer Klown (Zot:5)
  Parghit (Depths:4)
  4 golden dragons
  3 caustic shrikes (Depths:2)
  the Enchantress (Depths:2)
  A hellephant (Depths:2)
  7 tentacled monstrosities
  An electric golem (Zot:5)
  10 Orb Guardians (Zot:5)
  2 walking earthen tomes (Depths:2)
  2 quicksilver dragons
  2 deep elf master archers
  2 deep elf blademasters
  4 sphinxes
  2 acid blobs
  An Executioner (D:6)
  6 death cobs
  2 shadow dragons
  4 storm dragons
  5 draconian monks
  5 azure jellies
  3 draconian knights
  Ilsuiw (Shoals:2)
  3 deep elf elementalists
  2 frost giants
  A balrug (Depths:2)
  A draconian shifter (Zot:1)
  3 fire giants
  2 iron dragons
  2 deep elf sorcerers
  4 vault wardens
  An angel (Depths:2)
  3 ghost moths
  A spriggan defender (Depths:2)
  A draconian annihilator (Zot:5)
  5 ironbound preservers
  An ophan (Depths:2)
  6 quicksilver oozes
  5 formless jellyfish
  6 stone giants
  The ghost of sanka the Scorcher, a journeyman MDFE of Vehumet (Lair:4)
  5 apis (Depths:2)
  2 ironbound thunderhulks
  5 green draconians
  2 deep elf demonologists
  2 deep elf death magi (Elf:3)
  A deep elf annihilator (Elf:3)
  2 vampire knights
  8 dire elephants
  A halazid warlock (Desolation)
  5 yellow draconians
  3 black draconians
  6 red draconians
  A war gargoyle (Depths:2)
  2 minotaurs
  6 white draconians
  4 purple draconians
  3 ettins
  The ghost of Finalfun the Arsonist, a journeyman MDFE of Gozag (Lair:2)
  An entropy weaver (Vaults:1)
  3 merfolk javelineers
  2 ragged hierophants (Desolation)
  7 yaktaur captains
  A merfolk impaler (Shoals:4)
  5 deep elf high priests
  An ice dragon (Depths:3)
  The ghost of Mousus6 the Toxicologist, a journeyman MDAl of Vehumet (D:10)
  2 rakshasas (Depths:4)
  4 vault guards
  A spriggan air mage (Depths:2)
  5 great orbs of eyes
  3 servants of whispers (Desolation)
  A jorogumo (Spider:4)
  6 peacekeepers
  A hell beast (D:15)
  A hydra (D:12)
  Erica (Lair:1)
  Erolcha (D:9)
  A salamander tyrant (Depths:2)
  15 dancing weapons
  A catoblepas (Lair:3)
  3 ironbound frosthearts
  4 death scarabs (Spider:4)
  A satyr (Shoals:3)
  A tengu warrior (D:15)
  3 centaur warriors
  A merfolk aquamancer (Shoals:2)
  7 boulder beetles
  3 deep troll shamans
  4 hell hogs
  3 demonic crawlers (Spider:2)
  3 spriggan berserkers (Depths:4)
  3 occultists
  Urug (D:11)
  3 deep troll earth magi (Depths:2)
  A death yak (D:10)
  15 deep elf knights
  A sun demon (Depths:4)
  Nergalle (Lair:2)
  3 hell knights (Depths:4)
  A storm dragon zombie (Zot:2)
  2 pharaoh ants
  A sixfirhy (D:7)
  4 iron trolls
  A cherub (Depths:2)
  4 sea snakes
  17 deep trolls
  Lodul (D:10)
  7 arcanists
  2 sun moths
  5 orb spiders
  2 swamp dragons (Zot:3)
  9 deep elf archers
  A glowing orange brain (Vaults:2)
  15 deep elf zephyrmancers
  A flayed ghost (Depths:4)
  A harpy (shapeshifter) (D:14)
  20 deep elf pyromancers
  5 thermic dynamos (Elf:3)
  10 ironbound convokers
  7 lindwurms
  A broodmother zombie (Spider:4)
  2 necromancers
  An orc knight (Orc:2)
  A steelbarb worm (Spider:4)
  6 harpies
  A spectral wolf spider (Spider:4)
  A glowing shapeshifter (Elf:1)
  2 oklob plants
  7 wolf spiders
  9 ugly things
  4 cyclopes
  A cyclops (shapeshifter) (Elf:1)
  9 manticores
  An apis zombie (Depths:2)
  3 elephants (Lair:2)
  2 orc sorcerers
  3 fauns
  17 moths of wrath
  Maurice (D:8)
  A manticore (shapeshifter) (Depths:3)
  The ghost of HourglassMan the Gusty, a novice TeAE (D:5)
  A molten gargoyle (Depths:2)
  A rust devil (Gauntlet)
  2 eyes of devastation
  2 kobold blastminers
  2 guardian serpents (Desolation)
  4 merfolk sirens
  7 meliai
  3 water nymphs
  A smoke demon (D:12)
  2 torpor snails
  An ice statue (IceCv)
  6 vault sentinels
  7 black mambas
  A gargoyle (D:12)
  An orange demon (D:9)
  8 cane toads
  An unseen horror (D:12)
  A freezing wraith (Vaults:1)
  A spectral redback (Spider:4)
  A hellion (Depths:4)
  5 nameless horrors
  13 yaktaurs
  Jeremiah (D:9)
  A redback zombie (Spider:4)
  3 rime drakes
  A tormentor (D:15)
  2 efreet (D:14)
  4 anaconda simulacra (IceCv)
  3 komodo dragons
  4 ice devils
  Psyche (D:9)
  3 wind drakes
  A polar bear (Lair:2)
  6 merfolk
  A spectral jumping spider (Spider:4)
  4 hornets
  4 trolls
  27 saltlings (Desolation)
  11 tarantellas
  A spectral culicivora (Spider:4)
  A hellwing (Depths:4)
  8 blink frogs
  A raiju (shapeshifter) (Elf:2)
  5 snapping turtles
  28 slime creatures
  3 air elementals
  7 jumping spiders
  11 yaks
  6 culicivoras
  4 spriggans
  3 water elementals
  7 fire elementals
  A wraith (D:6)
  3 wyverns
  A basilisk (Lair:3)
  4 death yak simulacra (IceCv)
  7 vampire mosquitoes (D:13)
  A warg (Orc:2)
  12 redbacks
  6 steam dragons
  A faun zombie (Shoals:2)
  A hydra simulacrum (IceCv)
  2 acid dragons
  5 water moccasins
  12 orc warriors
  An ice beast (D:5)
  4 wolves (Lair:4)
  10 centaurs
  2 ogres
  3 boggarts (Vaults:2)
  A phantom (D:4)
  4 kobold brigands
  7 bullfrogs
  7 scorpions
  A cane toad simulacrum (IceCv)
  2 two-headed ogre simulacra (IceCv)
  Dowan (D:6)
  8 howler monkeys
  4 hounds
  A jelly (D:6)
  12 orc priests
  2 iron imps (Gauntlet)
  3 iguanas
  7 orc wizards
  A troll simulacrum (IceCv)
  4 polar bear simulacra (IceCv)
  2 wolf simulacra (IceCv)
  Robin (D:2)
  4 adders
  3 gnolls
  2 river rats (D:10)
  A shadow imp (D:8)
  2 white imps
  3 ufetubi
  2 dart slugs
  A ribbon worm (shapeshifter) (Elf:1)
  21 orcs
  2 ball pythons
  3 endoplasms
  4 giant cockroaches
  13 goblins
  7 hobgoblins
  2 jackals (D:3)
  24 kobolds
  3 quokkas
  6 bats
  6 frilled lizards
  3 rats
985 creatures vanquished.

Vanquished Creatures (collateral kills)
  2 ancient liches
  6 orbs of fire
  3 Killer Klowns
  2 curse toes
  3 caustic shrikes (Depths:2)
  3 golden dragons
  A bone dragon (Depths:4)
  A pearl dragon (Depths:2)
  A Brimstone Fiend (Depths:2)
  3 electric golems
  7 tentacled monstrosities
  Jorgrun (Elf:2)
  15 Orb Guardians (Zot:5)
  2 liches
  Rupert (Orc:2)
  A titan (Depths:1)
  A walking earthen tome (Depths:2)
  2 deep elf master archers
  The ghost of crabbyslav the Hermetic, an adept DsAl of Sif Muna (Spider:4)
  A deep elf blademaster (Elf:3)
  3 quicksilver dragons
  11 acid blobs
  2 ancient champions (Vaults:3)
  4 death cobs
  An Executioner (Zot:5)
  A tengu reaver (Vaults:1)
  9 storm dragons
  8 shadow dragons
  Aizul (Shoals:3)
  An iron dragon (Depths:4)
  A protean progenitor (Zot:3)
  3 rockslimes (Slime:5)
  2 daevas (Depths:2)
  4 draconian monks
  3 fire giants
  A frost giant (Shoals:4)
  4 draconian knights
  5 azure jellies
  3 draconian shifters
  3 ghost moths
  8 vault wardens
  A balrug (Depths:2)
  4 emperor scorpions
  4 imperial myrmidons (Desolation)
  4 draconian scorchers
  3 deep elf sorcerers (Elf:3)
  3 deep elf elementalists (Elf:3)
  6 quicksilver oozes
  An orc warlord (Orc:2)
  A cacodemon (Zot:5)
  2 draconian stormcallers
  A reaper (Depths:4)
  6 draconian annihilators
  9 formless jellyfish
  7 ironbound preservers
  2 ironbound thunderhulks
  A spriggan defender (Depths:2)
  A broodmother (Spider:2)
  4 stone giants
  12 very ugly things
  7 deep elf death magi
  2 apis (Depths:2)
  7 green draconians
  11 dire elephants
  7 war gargoyles
  9 black draconians
  5 deep elf annihilators (Elf:3)
  A halazid warlock (Desolation)
  A vampire knight (Depths:3)
  5 yellow draconians
  2 spark wasps (Spider:4)
  2 deep elf demonologists
  9 white draconians
  8 red draconians
  13 purple draconians
  5 merfolk javelineers
  6 ragged hierophants (Desolation)
  6 fire dragons
  12 merfolk impalers
  A crystal guardian (Desolation)
  2 entropy weavers
  3 yaktaur captains
  5 deep elf high priests
  8 great orbs of eyes
  6 peacekeepers
  2 rakshasas
  A servant of whispers (Desolation)
  4 vault guards
  3 hydras
  3 ice dragons
  5 jorogumos
  A merfolk avatar (Lair:5)
  4 ironbound frosthearts
  A hell beast (Depths:4)
  5 spriggan air magi
  3 alligator snapping turtles
  A radroach (Spider:2)
  A catoblepas (Lair:5)
  3 deep troll shamans
  2 satyrs
  A death yak (D:10)
  3 two-headed ogres
  2 boulder beetles
  13 dancing weapons
  4 death scarabs (Spider:4)
  2 merfolk aquamancers (Shoals:4)
  A death knight (Vaults:3)
  A centaur warrior (Vaults:2)
  6 deep troll earth magi
  7 demonic crawlers
  2 tengu warriors
  2 soul eaters
  A spectral emperor scorpion (Spider:4)
  2 spriggan berserkers
  A hell hog (Depths:2)
  Amaemon (D:9)
  3 hell knights
  15 deep elf knights
  Sonja (D:10)
  3 sun demons (Depths:4)
  4 iron trolls
  5 skysharks
  3 skeletal warriors (D:12)
  7 pharaoh ants
  7 sea snakes
  8 orb spiders
  3 cherubim (Depths:2)
  2 spriggan druids (Elf:1)
  A kraken simulacrum (Shoals:4)
  2 glowing orange brains
  3 spriggan riders
  27 deep trolls
  13 deep elf archers
  10 ironbound convokers
  A swamp dragon (Desolation)
  2 arcanists
  A sun moth (Spider:2)
  A phantasmal warrior (D:14)
  4 thermic dynamos (Elf:3)
  20 harpies
  3 orc knights
  6 lindwurms
  A wolf spider zombie (Spider:4)
  8 deep elf pyromancers
  12 deep elf zephyrmancers
  17 wolf spiders
  22 ugly things
  9 manticores
  15 fauns
  2 necromancers (Depths:4)
  2 orc sorcerers (Orc:2)
  2 cyclopes
  A shining eye (Slime:2)
  20 moths of wrath
  2 meliai (Spider:3)
  3 black mambas
  A large abomination (Zot:5)
  4 guardian serpents
  A kobold blastminer (Orc:2)
  Joseph (D:9)
  5 merfolk sirens
  13 elephants
  7 vault sentinels
  3 water nymphs (Shoals:3)
  2 eyes of devastation
  4 smoke demons (Depths:4)
  4 torpor snails
  An ice statue (Lair:2)
  An orange demon (D:13)
  3 molten gargoyles (Depths:2)
  3 cane toads
  11 yaktaurs
  2 tengu conjurers
  A tormentor (Zot:5)
  2 freezing wraiths (IceCv)
  5 komodo dragons
  An unseen horror (D:12)
  A redback zombie (Spider:4)
  2 kobold demonologists (D:12)
  A spectral redback (Spider:4)
  10 ice devils (IceCv)
  2 trolls
  6 hornets
  A polar bear (Lair:5)
  A wind drake (shapeshifter) (Vaults:4)
  A spectral tarantella (Spider:4)
  A moth of wrath zombie (Spider:2)
  20 tarantellas
  3 wind drakes
  23 merfolk
  2 nameless horrors
  45 saltlings (Desolation)
  A troll (shapeshifter) (D:14)
  4 spectral jumping spiders (Spider:4)
  12 blink frogs
  2 culicivora zombies (Spider:4)
  A jumping spider zombie (Spider:4)
  6 snapping turtles
  19 culicivoras
  38 slime creatures
  15 jumping spiders
  4 spriggans
  4 air elementals
  2 elf zombies (Elf:3)
  2 wyverns
  4 fire elementals
  A dire elephant simulacrum (IceCv)
  2 ynoxinuls
  2 wraiths
  Grum (D:9)
  5 water elementals
  A basilisk (Lair:2)
  23 yaks
  A warg (D:13)
  22 redbacks
  2 death yak simulacra (IceCv)
  2 steam dragons (Shoals:4)
  A vampire mosquito (D:13)
  A deep troll zombie (Depths:4)
  2 hydra simulacra (IceCv)
  4 water moccasins
  Duvessa (D:6)
  7 orc warriors
  A black bear (D:10)
  10 ogres
  A boggart (Vaults:2)
  7 wolves
  3 centaurs (D:15)
  3 kobold brigands
  4 bullfrogs
  A gnoll sergeant (D:6)
  A scorpion (Lair:2)
  2 elephant simulacra (IceCv)
  2 howler monkeys
  5 orc priests
  Crazy Yiuf (D:2)
  A gnoll bouda (D:10)
  An iron imp (Gauntlet)
  8 orc wizards
  A troll simulacrum (IceCv)
  4 polar bear simulacra (IceCv)
  A spriggan simulacrum (IceCv)
  A wolf simulacrum (IceCv)
  An adder (D:5)
  9 gnolls
  2 river rats (D:10)
  2 white imps
  25 orcs
  13 kobolds
  An orc zombie (Orc:1)
  A tentacle (Shoals:4)
1207 creatures vanquished.

Vanquished Creatures (others)
  A spectral demigod (Depths:4)
  36 eldritch tentacles
  A storm dragon (Zot:3)
  A draconian scorcher (Zot:2)
  A deep elf sorcerer (Elf:2)
  A jelly zombie (Slime:5)
  9 spectral tentacled monstrosities
  A draconian stormcaller (Zot:3)
  4 caustic shrike zombies (Depths:2)
  A deep elf elementalist (Elf:3)
  3 Killer Klown zombies (Zot:5)
  An ironbound preserver (Vaults:2)
  A red draconian (Zot:2)
  A pearl dragon zombie (Depths:2)
  2 quicksilver dragon zombies
  2 acid blob zombies (Slime:5)
  12 Orb Guardian zombies (Zot:5)
  An ironbound frostheart (Vaults:1)
  2 quicksilver ooze zombies
  An azure jelly zombie (Slime:5)
  2 spectral balrugs (Depths:2)
  A hellephant zombie (Depths:2)
  An emperor scorpion zombie (Spider:3)
  4 storm dragon zombies
  4 very ugly thing zombies (Depths:4)
  2 ghost moth zombies (Spider:4)
  A spectral alligator snapping turtle (Elf:3)
  A spectral orc (D:12)
  2 shadow dragon zombies
  A jorogumo zombie (Spider:4)
  10 dancing weapons
  12 wolf spider zombies
  6 draconian zombies
  7 ugly thing zombies
  3 hell hog zombies (Depths:2)
  A deep elf pyromancer (Elf:1)
  An iron dragon zombie (Depths:4)
  A stone giant zombie (Depths:4)
  3 apis zombies (Depths:2)
  A dwarf zombie (Elf:2)
  A dire elephant zombie (Vaults:2)
  A spectral rakshasa (Depths:1)
  A spectral soul eater (Depths:4)
  A spectral sun demon (Depths:4)
  3 red draconian zombies
  4 green draconian zombies
  An unseen horror zombie (D:12)
  2 orb spider zombies (Spider:4)
  7 white draconian zombies
  4 black draconian zombies
  6 purple draconian zombies
  2 iron troll zombies
  10 harpy zombies
  6 redback zombies
  3 demonic crawler zombies (Spider:2)
  A troll (D:14)
  4 great orb of eyes zombies
  9 tarantella zombies
  14 moth of wrath zombies
  7 culicivora zombies
  2 fire dragon zombies
  A boulder beetle zombie (Spider:4)
  4 meliai zombies
  5 jumping spider zombies
  3 spectral cherubs (Depths:2)
  A guardian serpent zombie (Desolation)
  A sun moth zombie (Spider:4)
  2 ice dragon zombies (Depths:4)
  9 spriggan zombies
  4 black mamba zombies
  5 slime creature zombies
  2 wind drake zombies
  4 spectral ice devils (IceCv)
  14 deep troll zombies
  A spectral tormentor (D:15)
  A faun zombie (Shoals:3)
  18 merfolk zombies
  A water nymph zombie (Shoals:3)
  An entropy weaver zombie (Vaults:4)
  2 cane toad zombies (Lair:5)
  5 manticore zombies
  51 elf zombies
  A lindwurm zombie (Vaults:1)
  3 swamp dragon zombies
  5 elephant zombies
  3 hornet zombies
  6 blink frog zombies
  A snapping turtle zombie (Shoals:4)
  A torpor snail zombie (Lair:2)
  4 komodo dragon zombies
  6 yaktaur zombies
  A cyclops zombie (D:15)
  3 wyvern zombies
  2 water moccasin zombies
  4 troll zombies
  37 human zombies
  9 yak zombies
  A raiju zombie (Elf:2)
  4 wolf zombies
  5 bullfrog zombies
  A black bear zombie (D:10)
  3 centaur zombies
  A basilisk zombie (Lair:2)
  A scorpion zombie (Lair:2)
  8 ogre zombies
  A hound zombie (D:6)
  4 howler monkey zombies
  3 steam dragon zombies
  An adder (D:5)
  An adder zombie (D:6)
  An iguana zombie (D:7)
  A spectral iron imp (Gauntlet)
  A spectral shadow imp (D:8)
  2 orcs (D:9)
  A gnoll zombie (D:6)
  16 kobold zombies
  21 orc zombies
  2 river rat zombies (D:10)
  2 spectral ufetubi (D:6)
  2 foxfires (Lair:4)
  3 tentacles (Shoals:4)
542 creatures vanquished.

Grand Total: 2734 creatures vanquished

Notes
Turn   | Place    | Note
-------+----------+-------------------------------------------
     0 | D:1      | NormalPerson7 the Vine Stalker Enchanter began the quest
                  | for the Orb.
     0 | D:1      | Reached XP level 1. HP: 9/9 MP: 4/4
   211 | D:1      | Reached skill level 1 in Ice Magic
   336 | D:1      | Reached XP level 2. HP: 13/13 MP: 6/6
   340 | D:1      | Learned a level 2 spell: Ensorcelled Hibernation
   910 | D:1      | Found Eficsof's Book Shop.
  1216 | D:1      | Reached XP level 3. HP: 16/16 MP: 4/7
  1246 | D:1      | Learned a level 3 spell: Confusing Touch
  2075 | D:2      | Noticed Robin
  2542 | D:2      | Killed Robin
  2690 | D:2      | Reached XP level 4. HP: 21/21 MP: 8/8
  2879 | D:2      | Found a runed translucent door.
  3757 | D:3      | Reached XP level 5. HP: 24/24 MP: 4/9
  3765 | D:2      | Learned a level 3 spell: Tukima's Dance
  4064 | D:3      | Reached skill level 5 in Stealth
  4412 | D:4      | Reached skill level 1 in Fighting
  4639 | D:4      | Noticed a phantom
  4721 | D:4      | Reached XP level 6. HP: 30/30 MP: 0/11
  5370 | D:4      | Learned a level 2 spell: Blink
  5491 | D:4      | Found a staircase to the Ecumenical Temple.
  5500 | Temple   | Found a transporter.
  5500 | Temple   | Found a transporter.
  5500 | Temple   | Found a transporter.
  5500 | Temple   | Found a transporter.
  5500 | Temple   | Entered the Ecumenical Temple
  5512 | Temple   | Became a worshipper of Yredelemnul the Fallen
  5571 | D:4      | Reached skill level 5 in Hexes
  5883 | D:5      | Entered Level 5 of the Dungeon
  6008 | D:5      | Identified the +0 robe "Ypsegel" {+Blink}
  6053 | D:5      | Noticed an ice beast
  6058 | D:5      | Reached XP level 7. HP: 35/35 MP: 12/12
  6069 | D:5      | Found a runed translucent door.
  6074 | D:5      | Noticed HourglassMan's ghost (novice TeAE)
  6445 | D:5      | Found an ornate altar of the Wu Jian Council.
  6899 | D:6      | Noticed a wraith
  7056 | D:6      | Killed a wraith
  7057 | D:6      | Gained mutation: You have razor-sharp teeth. [Vine Stalker
                  | growth]
  7057 | D:6      | Reached XP level 8. HP: 39/39 MP: 13/13
  8028 | D:6      | Noticed Duvessa
  8042 | D:6      | Noticed Dowan
  8046 | D:6      | Killed Duvessa
  8047 | D:6      | Reached XP level 9. HP: 43/45 MP: 12/14
  8053 | D:6      | Killed Dowan
  8775 | D:7      | Reached skill level 5 in Fighting
  8853 | D:7      | Noticed a cyclops
  9018 | D:7      | Found Nempolok's Needful Niceties.
  9188 | D:7      | Found a white marble altar of Elyvilon.
  9350 | D:7      | Reached skill level 1 in Air Magic
  9543 | D:8      | Noticed Maurice
  9665 | D:8      | Identified the +6 falchion of Quosteitt {heavy, Str+2 SInv}
  9750 | D:8      | Noticed a two-headed ogre
  9756 | D:8      | Killed a two-headed ogre
  9757 | D:8      | Reached skill level 5 in Air Magic
  9996 | D:8      | Noticed a hornet
 10057 | D:8      | Killed a hornet
 10057 | D:8      | Reached * piety under Yredelemnul
 10101 | D:8      | Reached XP level 10. HP: 51/51 MP: 10/15
 10524 | D:1      | Bought a book of Storms for 260 gold pieces
 10529 | D:1      | Learned a level 4 spell: Airstrike
 10786 | D:9      | Noticed a two-headed ogre
 10874 | D:9      | Noticed Erolcha
 10874 | D:9      | Noticed Psyche
 10904 | D:9      | Killed Psyche
 10904 | D:9      | Killed Erolcha
 11042 | D:9      | Noticed Amaemon
 11072 | D:9      | Noticed an orange demon
 11075 | D:9      | Killed Amaemon
 11076 | D:9      | Reached skill level 3 in Summonings
 11090 | D:9      | Your ally Psyche died
 11135 | D:9      | Killed an orange demon
 11136 | D:9      | Reached skill level 4 in Summonings
 11409 | D:9      | Killed a two-headed ogre
 11410 | D:9      | Reached skill level 5 in Summonings
 11452 | D:9      | Reached skill level 6 in Summonings
 11483 | D:9      | Learned a level 4 spell: Summon Lightning Spire
 11485 | D:9      | Noticed Grum
 11507 | D:9      | Killed Grum
 11508 | D:9      | Reached XP level 11. HP: 55/55 MP: 5/18
 11618 | D:9      | Noticed Jeremiah
 11620 | D:9      | Killed Jeremiah
 11620 | D:9      | Reached ** piety under Yredelemnul
 11621 | D:9      | Reached skill level 7 in Summonings
 11621 | D:9      | Upgraded the game from 0.32-a0-815-g315f82d515 to
                  | 0.32-a0-818-gb728d0252e
 11644 | D:9      | Noticed Joseph
 12027 | D:2      | Noticed Crazy Yiuf
 12034 | D:2      | Killed Crazy Yiuf
 12290 | D:10     | Entered Level 10 of the Dungeon
 12315 | D:10     | Noticed Sonja
 12319 | D:10     | Killed Sonja
 12320 | D:10     | Reached skill level 8 in Summonings
 12467 | D:10     | Found a runed translucent door.
 12467 | D:10     | Noticed Mousus6's ghost (journeyman MDAl)
 12534 | D:10     | Found a snail-covered altar of Cheibriados.
 12685 | D:10     | Noticed a death yak
 12690 | D:10     | Noticed a death yak
 12930 | D:10     | Noticed Lodul
 12943 | D:10     | Killed Lodul
 12958 | D:10     | Found a staircase to the Lair.
 12969 | D:10     | Your ally Lodul died
 12989 | D:10     | Killed a death yak
 12990 | D:10     | Reached skill level 9 in Summonings
 13029 | D:10     | Reached skill level 5 in Spellcasting
 13044 | D:10     | Killed a death yak
 13986 | D:11     | Reached skill level 5 in Invocations
 14028 | D:11     | Reached *** piety under Yredelemnul
 14099 | D:11     | Reached skill level 1 in Maces & Flails
 14225 | D:11     | Noticed Urug
 14256 | D:11     | Noticed a boulder beetle
 14687 | D:11     | Noticed a boulder beetle
 14718 | D:11     | Killed Urug
 14719 | D:11     | Reached XP level 12. HP: 50/60 MP: 9/20
 14755 | D:11     | Found a staircase to the Orcish Mines.
 14968 | D:8      | Killed Maurice
 15566 | Lair:1   | Entered Level 1 of the Lair of Beasts
 15956 | Lair:1   | Reached skill level 5 in Maces & Flails
 16148 | Lair:1   | Learned a level 2 spell: Call Imp
 16317 | Lair:1   | Noticed Erica
 16320 | Lair:1   | Killed Erica
 16679 | Lair:2   | Found a staircase to the Shoals.
 17395 | Lair:2   | Reached XP level 13. HP: 63/63 MP: 21/21
 17430 | Lair:2   | Noticed Nergalle
 17441 | Lair:2   | Killed Nergalle
 17442 | Lair:2   | Reached skill level 5 in Dodging
 17454 | Lair:2   | Found a transporter.
 17454 | Lair:2   | Noticed Finalfun's ghost (journeyman MDFE)
 17663 | Lair:2   | Reached **** piety under Yredelemnul
 17728 | Lair:2   | Found a hole to the Spider Nest.
 17931 | Lair:2   | Found a transporter.
 18327 | Lair:3   | Found a gate leading to a gauntlet.
 18350 | Gauntlet | Entered a Gauntlet
 18350 | Gauntlet | Found a transporter.
 18442 | Gauntlet | Found a transporter.
 18445 | Gauntlet | Found a transporter.
 18446 | Gauntlet | Found a transporter.
 18454 | Gauntlet | Found a transporter.
 18457 | Gauntlet | Found a transporter.
 18458 | Gauntlet | Found a transporter.
 18469 | Gauntlet | Found a transporter.
 18469 | Gauntlet | Found a transporter.
 18470 | Gauntlet | Found a transporter.
 18478 | Gauntlet | Found a transporter.
 18481 | Gauntlet | Found a transporter.
 18482 | Gauntlet | Found a transporter.
 18491 | Gauntlet | Found a transporter.
 18689 | Gauntlet | Noticed a minotaur
 18946 | Gauntlet | Killed a minotaur
 18958 | Gauntlet | Identified the staff "Ogrebane" {rPois Str+4 Alchemy}
 18958 | Gauntlet | Identified the +4 short sword "Axux" {freeze, ^Contam rC-
                  | Str+6 SInv}
 18958 | Gauntlet | Identified the ring of the Philosopher {MP+9 Str-5 Dex+6
                  | Stlth+}
 19862 | Lair:3   | Identified the +0 morningstar "Ymua" {flame, Fly}
 20355 | Lair:4   | Found a runed translucent gate.
 20356 | Lair:4   | Found a runed translucent gate.
 20382 | Lair:4   | Found a runed translucent gate.
 20384 | Lair:4   | Noticed sanka's ghost (journeyman MDFE)
 20384 | Lair:4   | Noticed a minotaur
 21692 | Lair:4   | Learned a level 3 spell: Ozocubu's Armour
 21693 | Lair:5   | Entered Level 5 of the Lair of Beasts
 21931 | Lair:5   | Reached XP level 14. HP: 73/73 MP: 8/25
 22032 | Lair:5   | Reached skill level 10 in Maces & Flails
 22377 | Lair:5   | Identified the +5 trident of Moderation {flame, +Blink
                  | Stlth+}
 22939 | Lair:5   | Found a staircase to the Slime Pits.
 22941 | Lair:5   | Found a viscous altar of Jiyva.
 23339 | Lair:4   | Upgraded the game from 0.32-a0-818-gb728d0252e to
                  | 0.32-a0-825-g0e82a1035d
 23563 | Orc:1    | Entered Level 1 of the Orcish Mines
 23592 | Orc:1    | Found Ruvvax's Vocational Training.
 23594 | Orc:1    | Found Xajaben's Antique Weapon Emporium.
 23826 | Orc:2    | Entered Level 2 of the Orcish Mines
 23991 | Orc:1    | Found Sufygar's General Store.
 24137 | Orc:1    | Found Jossixt's Assorted Antiques.
 24341 | Orc:2    | Found a staircase to the Elven Halls.
 24435 | Orc:2    | Noticed an orc warlord
 24618 | Orc:2    | Noticed Rupert
 24626 | Orc:2    | Killed Rupert
 25059 | Orc:2    | Found a roughly hewn altar of Beogh.
 25136 | Orc:2    | Reached ***** piety under Yredelemnul
 25331 | Orc:2    | Killed an orc warlord
 25437 | Orc:2    | Reached skill level 10 in Summonings
 25512 | Orc:2    | Found Wurrarch's Jewellery Boutique.
 25527 | Orc:2    | Found Ypovammicy's General Store.
 25550 | Orc:2    | Found Doxtut's Antique Weapon Boutique.
 25565 | Orc:2    | Found Duutrini's Antique Armour Boutique.
 26177 | D:7      | Bought a scroll of noise for 15 gold pieces
 26364 | Orc:1    | Bought a scroll of identify for 72 gold pieces
 26672 | D:12     | Reached skill level 11 in Summonings
 27205 | D:12     | Identified the +8 chain mail "Feakkul" {Will+}
 27257 | D:12     | Reached XP level 15. HP: 65/77 MP: 26/26
 27265 | D:12     | Reached skill level 12 in Summonings
 27322 | D:12     | Learned a level 3 spell: Frozen Ramparts
 27743 | D:13     | Found a frozen archway.
 27788 | IceCv    | Entered an ice cave
 28263 | IceCv    | Reached skill level 5 in Ice Magic
 28610 | IceCv    | Found an ancient bone altar of Kikubaaqudgha.
 30019 | IceCv    | Reached skill level 13 in Summonings
 30067 | IceCv    | Reached skill level 1 in Armour
 31758 | D:14     | Found a gate to the Vaults.
 32239 | D:15     | Entered Level 15 of the Dungeon
 32455 | D:15     | Found a staircase to the Depths.
 32772 | D:15     | Reached skill level 10 in Spellcasting
 33572 | Orc:1    | Bought a book of Scorching for 390 gold pieces
 33579 | Orc:1    | Learned a level 6 spell: Summon Cactus Giant
 33761 | D:5      | Killed HourglassMan's ghost
 34044 | D:10     | Killed Mousus6's ghost
 34253 | D:9      | Killed Joseph
 34510 | Lair:2   | Reached XP level 16. HP: 84/84 MP: 29/31
 34545 | Lair:2   | Killed Finalfun's ghost
 34934 | Lair:4   | Killed sanka's ghost
 34948 | Lair:4   | Reached skill level 10 in Fighting
 35054 | Lair:4   | Learned a level 3 spell: Summon Ice Beast
 35276 | Orc:1    | Bought a potion of magic for 104 gold pieces
 35276 | Orc:1    | Bought a potion of curing for 39 gold pieces
 35276 | Orc:1    | Bought a scroll of teleportation for 39 gold pieces
 35276 | Orc:1    | Bought a potion of attraction for 39 gold pieces
 35291 | Orc:1    | Bought a scroll of identify for 72 gold pieces
 35291 | Orc:1    | Bought a scroll of teleportation for 108 gold pieces
 35291 | Orc:1    | Bought a murky dark potion for 32 gold pieces
 35291 | Orc:1    | Bought a scroll of teleportation for 108 gold pieces
 35291 | Orc:1    | Bought a scroll labelled DOYLUQA QETA for 36 gold pieces
 35347 | Orc:2    | Bought a shiny ring mail for 224 gold pieces
 35397 | Orc:2    | Bought a potion of resistance for 160 gold pieces
 35658 | Shoals:1 | Entered Level 1 of the Shoals
 35676 | Shoals:1 | Reached skill level 1 in Shields
 36495 | Shoals:1 | Found Mol Luoz's Antique Weapon Boutique.
 38022 | Shoals:2 | Reached skill level 5 in Shields
 38433 | Shoals:2 | Learned a level 3 spell: Call Canine Familiar
 38447 | Shoals:2 | Noticed Ilsuiw
 38591 | Shoals:2 | Killed Ilsuiw
 38924 | Shoals:3 | Reached skill level 10 in Invocations
 39024 | Shoals:3 | Reached XP level 17. HP: 89/89 MP: 13/32
 39523 | Shoals:3 | Identified the serpent talisman of the Untouchables {Int+2
                  | Dex+4}
 39523 | Shoals:3 | Noticed Aizul
 39615 | Shoals:3 | Killed Aizul
 39984 | Shoals:3 | Reached skill level 14 in Summonings
 40298 | Shoals:4 | Entered Level 4 of the Shoals
 40381 | Shoals:4 | Identified the +3 trident "Woppuane" {drain, Dex+4}
 40568 | Shoals:4 | Reached skill level 5 in Evocations
 42629 | Shoals:4 | Got a barnacled rune of Zot
 43056 | Spider:1 | Entered Level 1 of the Spider Nest
 43254 | Spider:1 | Reached ****** piety under Yredelemnul
 43338 | Spider:1 | Got the Folio of the Crevasse
 43409 | Spider:1 | Identified a scroll of acquirement
 43410 | Spider:1 | Acquired a manual of Summonings
 43490 | Spider:1 | Reached XP level 18. HP: 96/96 MP: 30/33
 43773 | Spider:2 | Reached skill level 15 in Summonings
 44059 | Spider:2 | Reached skill level 16 in Summonings
 44066 | Spider:2 | Identified the +5 chain mail "Hohuymil" {Str+5}
 44347 | Spider:2 | Reached skill level 17 in Summonings
 45107 | Spider:3 | Reached skill level 18 in Summonings
 45800 | Spider:3 | Reached skill level 19 in Summonings
 46078 | Spider:4 | Entered Level 4 of the Spider Nest
 46397 | Spider:4 | Noticed crabbyslav's ghost (adept DsAl)
 46403 | Spider:4 | Found a runed translucent door.
 46499 | Spider:4 | Reached XP level 19. HP: 100/100 MP: 23/35
 47196 | Spider:4 | Got a gossamer rune of Zot
 47216 | Spider:4 | Learned a level 8 spell: Summon Horrible Things
 47633 | Elf:1    | Entered Level 1 of the Elven Halls
 47665 | Orc:2    | Bought the ring "Ushrol" {rElec Will+ Str+2 Dex-5} for 555
                  | gold pieces
 47896 | Elf:1    | Reached skill level 20 in Summonings
 48077 | Elf:1    | Acquired the +1 pair of boots of Qaeciuz {rPois rN++}
 48100 | Elf:1    | Found Zuukhleav's Assorted Antiques.
 48263 | Elf:1    | Found a crumbling gateway.
 48284 | Desolati | Entered the Desolation of Salt
 48364 | Desolati | Identified the +1 plate armour of the Unicorn {rC+ Dex+4}
 48368 | Desolati | Got Toxzaedd's Reference Book on Cold Percussion
 48378 | Desolati | Identified the ring of Goji {rC+ Dex+6}
 48675 | Desolati | Reached XP level 20. HP: 94/109 MP: 17/38
 48733 | Desolati | Identified the +1 leather armour of Good Intentions {rElec
                  | Str+2 SInv}
 48822 | Desolati | Got the Omnibus of Cooperative Air
 48825 | Desolati | Identified the +5 ring mail of the Centaur {Str+5 Int-3}
 48830 | Desolati | Got the Spellbook of Decalescent Gusts
 49111 | Desolati | Got the Cyclopedia of Assistive Jinxing
 49113 | Desolati | Got the Vellum of Fulgent Pyromania
 50328 | Elf:2    | Found a flickering gateway to a bazaar.
 50331 | Elf:2    | Noticed Jorgrun
 50337 | Bazaar   | Entered a bazaar
 50337 | Bazaar   | Found Kiuzxab's Antique Weapon Shoppe.
 50337 | Bazaar   | Found Repas's General Store.
 50337 | Bazaar   | Found Fakh's General Store.
 50337 | Bazaar   | Found Benuclem's Assorted Antiques.
 50360 | Bazaar   | Bought a wand of warping (7) for 252 gold pieces
 50360 | Bazaar   | Bought a scroll of revelation for 112 gold pieces
 50360 | Bazaar   | Bought a wand of quicksilver (5) for 315 gold pieces
 50360 | Bazaar   | Bought a wand of warping (4) for 144 gold pieces
 50370 | Bazaar   | Bought a scroll of blinking for 150 gold pieces
 50370 | Bazaar   | Bought a scroll of fear for 80 gold pieces
 50374 | Bazaar   | Bought a potion of enlightenment for 75 gold pieces
 50396 | Elf:2    | Killed Jorgrun
 50436 | Elf:2    | Noticed Roxanne
 50492 | Elf:2    | Paralysed by an air elemental for 1 turns
 50495 | Elf:2    | Paralysed by an air elemental for 1 turns
 50711 | Elf:2    | Your ally Jorgrun died
 50716 | Elf:2    | Reached skill level 15 in Fighting
 50746 | Elf:2    | Paralysed by an air elemental for 1 turns
 51093 | Elf:2    | Found a runed translucent gate.
 51093 | Elf:2    | Found a runed translucent gate.
 51093 | Elf:2    | Found a runed translucent gate.
 51562 | Elf:2    | Reached skill level 5 in Translocations
 52259 | Elf:2    | Identified the +2 robe of Wityxzukk {*Corrode rN+ Regen+}
 52386 | Elf:3    | Entered Level 3 of the Elven Halls
 52392 | Elf:3    | Paralysed by an air elemental for 1 turns
 52627 | Elf:3    | Found Wuraox's Armour Shoppe.
 52665 | Elf:3    | Paralysed by an air elemental for 1 turns
 52671 | Elf:3    | Paralysed by an air elemental for 1 turns
 52900 | Elf:3    | Found Qinuong's Antique Weapon Shoppe.
 53275 | Elf:3    | Found Bonapporph's Assorted Antiques.
 53326 | Elf:3    | Noticed a Tzitzimitl
 53367 | Elf:3    | Reached XP level 21. HP: 64/117 MP: 3/39
 53446 | Elf:3    | Reached skill level 10 in Translocations
 53704 | Elf:3    | Identified the +3 battleaxe of Pain and Death {holy, rElec
                  | rCorr Int-2 Dex+3}
 53704 | Elf:3    | Found the ring of the Octopus King {rN+ HP+2 AC+2 EV+2
                  | SH+2}
 53715 | Elf:3    | Identified the +1 leather armour "Doucietim" {-Tele +Inv
                  | Will++ SInv}
 53715 | Elf:3    | Identified the ring of Agecanen {Fire rN+ Int+3}
 53842 | Elf:3    | Identified the staff "Qahan" {rC+ rN++ Will+ Summ Ice
                  | Alchemy}
 54040 | Elf:3    | Got Sif Muna's Discursus on Weathered Transmogrification
 54043 | Elf:3    | Got the Directory of Conflict
 54055 | Elf:3    | Identified the staff "Ukhli" {rN+ Necro Air}
 54206 | Elf:3    | Got the Catalogue of the Petrified Congregation
 54215 | Elf:3    | Found Belipper's Antique Weapon Emporium.
 55155 | Shoals:3 | Learned a level 7 spell: Malign Gateway
 55461 | Vaults:1 | Entered Level 1 of the Vaults
 56504 | Vaults:1 | Reached skill level 10 in Dodging
 56675 | Vaults:1 | Acquired the ring "Qisoim" {+Blink rF+ rCorr Dex+3 Slay+2}
 57438 | Elf:1    | Upgraded the game from 0.32-a0-825-g0e82a1035d to
                  | 0.32-a0-837-g8d3e27d251
 57441 | Elf:1    | Learned a level 1 spell: Apportation
 58030 | Vaults:2 | Paralysed by a formless jellyfish for 1 turns
 58254 | Vaults:2 | Identified the orb of Goagobau {*channel, rN+ Str+7}
 58254 | Vaults:2 | Noticed Frederick
 58261 | Vaults:2 | Killed Frederick
 58261 | Vaults:2 | Bound Frederick
 58424 | Vaults:2 | Paralysed by a formless jellyfish for 1 turns
 58439 | Vaults:2 | Reached XP level 22. HP: 122/122 MP: 38/40
 58722 | Vaults:2 | Found Rubom's Distillery.
 59436 | Vaults:3 | Reached skill level 21 in Summonings
 59661 | Vaults:3 | Found a staircase to the Crypt.
 59816 | Vaults:3 | Identified the +1 robe of Miracles {Will+ SInv}
 60058 | Vaults:3 | Reached skill level 22 in Summonings
 60480 | Vaults:4 | Found a large runed translucent door.
 60480 | Vaults:4 | Found a large runed translucent door.
 60481 | Vaults:4 | Found a large runed translucent door.
 60482 | Vaults:4 | Found a large runed translucent door.
 60482 | Vaults:4 | Found a large runed translucent door.
 60482 | Vaults:4 | Found a large runed translucent door.
 60482 | Vaults:4 | Noticed AgonHex's ghost (veteran HOFi)
 60485 | Vaults:4 | Found a large runed translucent door.
 60485 | Vaults:4 | Found a large runed translucent door.
 60874 | Vaults:4 | Identified the ring of Kibuyxud {rPois Str+3 Int+3}
 61457 | Vaults:4 | Found Reonn's Assorted Antiques.
 61624 | Vaults:4 | Reached XP level 23. HP: 111/126 MP: 28/41
 62375 | Depths:1 | Entered Level 1 of the Depths
 62516 | Depths:1 | Paralysed by an air elemental for 1 turns
 62976 | Depths:1 | Found a gateway to Hell.
 63183 | Depths:3 | Found Gozag's Antique Armour Shoppe.
 63202 | Depths:3 | Noticed a golden dragon
 63203 | Depths:3 | Found an opulent altar of Gozag.
 63211 | Depths:3 | Found Gozag's Assorted Antiques.
 63221 | Depths:3 | Found Gozag's Antique Weapon Emporium.
 63223 | Depths:3 | Found a one-way gate leading to the halls of Pandemonium.
 63270 | Depths:3 | Killed a golden dragon
 63789 | Depths:3 | Found a one-way gate to the infinite horrors of the Abyss.
 64119 | Depths:4 | Entered Level 4 of the Depths
 64122 | Depths:4 | Found a one-way gateway to a ziggurat.
 64452 | Depths:4 | Reached skill level 5 in Armour
 64683 | Depths:4 | Noticed Parghit
 64695 | Depths:4 | Killed Parghit
 65314 | Depths:4 | Your ally Frederick died
 65503 | Depths:4 | Reached XP level 24. HP: 79/133 MP: 21/41
 65776 | Depths:4 | Found a gate to the Realm of Zot.
 67388 | Vaults:4 | Bought a scroll of enchant weapon for 337 gold pieces
 67825 | Slime:1  | Entered Level 1 of the Pits of Slime
 67830 | Slime:1  | Reached skill level 1 in Necromancy
 68032 | Slime:1  | Reached skill level 5 in Necromancy
 69368 | Vaults:1 | Learned a level 7 spell: Haunt
 69373 | Vaults:1 | Learned a level 4 spell: Manifold Assault
 69781 | Spider:4 | Killed crabbyslav's ghost
 69814 | Spider:4 | Reached XP level 25. HP: 137/137 MP: 41/41
 70060 | Slime:5  | Entered Level 5 of the Pits of Slime
 70097 | Slime:5  | Found a viscous altar of Jiyva.
 70098 | Slime:5  | Noticed the Royal Jelly
 70104 | Slime:5  | Reached skill level 10 in Necromancy
 70110 | Slime:5  | Killed the Royal Jelly
 70113 | Slime:5  | Your ally the Royal Jelly died
 70274 | Slime:5  | Identified the ring "Qenia" {Ice rElec rN+ Dex+7}
 70306 | Slime:5  | Identified the staff of the Fae God {Dex+3 Conj}
 70347 | Slime:5  | Got Ziyn's Encyclopedia of the Tundra
 70373 | Slime:5  | Identified the +0 ice dragon scales of Boredom {Fly rF-
                  | rC++}
 70382 | Slime:5  | Identified the +7 whip of Noon {drain, Str+2 Dex+2}
 70388 | Slime:5  | Got a slimy rune of Zot
 71553 | Depths:2 | Identified the +2 long sword "Disugeci" {flame, rElec
                  | Int+4}
 71895 | Depths:2 | Noticed the Enchantress
 71920 | Depths:2 | Killed the Enchantress
 71963 | Depths:2 | Your ally Enchantress spriggan zombie died
 72064 | Depths:2 | Reached XP level 26. HP: 135/144 MP: 36/41
 72139 | Depths:2 | Got the Omnibus of the Grim Lungs
 72577 | Depths:2 | Identified the +0 scale mail "Uhuf" {rN+ Str+5}
 73068 | Orc:1    | Bought a manual of Evocations for 1120 gold pieces
 73068 | Orc:1    | Bought a manual of Invocations for 1120 gold pieces
 73304 | Vaults:4 | Bought a scroll of enchant armour for 337 gold pieces
 73304 | Vaults:4 | Bought a scroll of enchant armour for 337 gold pieces
 73304 | Vaults:4 | Bought a scroll of fog for 180 gold pieces
 73712 | Zot:1    | Entered Level 1 of the Realm of Zot
 73856 | Zot:1    | Reached skill level 10 in Evocations
 74701 | Zot:2    | Noticed a Killer Klown
 74732 | Zot:2    | Killed a Killer Klown
 75402 | Zot:2    | Noticed an orb of fire
 75419 | Zot:2    | Killed an orb of fire
 75849 | Zot:3    | Found the +6 arbalest "Damnation" {damnation}
 76029 | Zot:3    | Reached XP level 27. HP: 138/153 MP: 36/41
 77165 | Zot:3    | Reached skill level 15 in Dodging
 78401 | Zot:5    | Entered Level 5 of the Realm of Zot
 79237 | Zot:5    | Noticed an ancient lich
 79251 | Zot:5    | Killed an ancient lich
 79322 | Zot:5    | Noticed an orb of fire
 79336 | Zot:5    | Killed an orb of fire
 79673 | Zot:5    | Noticed an orb of fire
 79681 | Zot:5    | Noticed an orb of fire
 79690 | Zot:5    | Noticed an orb of fire
 79884 | Zot:5    | Gained mutation: You are frail. (-10% HP) [an orb of fire]
 79946 | Zot:5    | Killed an orb of fire
 80006 | Zot:5    | Killed an orb of fire
 80110 | Zot:5    | Gained mutation: Your magical capacity is low. (-10% MP)
                  | [an orb of fire]
 80111 | Zot:5    | Killed an orb of fire
 80151 | Zot:5    | Lost mutation: You are frail. (-10% HP) [potion of
                  | mutation]
 80151 | Zot:5    | Lost mutation: Your magical capacity is low. (-10% MP)
                  | [potion of mutation]
 80151 | Zot:5    | Gained mutation: Your mind is acute. (Int +4, Str/Dex -1)
                  | [potion of mutation]
 80151 | Zot:5    | Gained mutation: You are partially covered in iridescent
                  | scales. (AC +2) [potion of mutation]
 80353 | Zot:5    | Noticed an orb of fire
 80360 | Zot:5    | Noticed an orb of fire
 80362 | Zot:5    | Noticed an orb of fire
 80575 | Zot:5    | Killed an orb of fire
 80633 | Zot:5    | Gained mutation: Armour fits poorly on your strangely
                  | shaped body. [an orb of fire]
 80656 | Zot:5    | Killed an orb of fire
 80757 | Zot:5    | Noticed an orb of fire
 80758 | Zot:5    | Gained mutation: Your magical capacity is low. (-10% MP)
                  | [an orb of fire]
 80773 | Zot:5    | Gained mutation: You are agile. (Dex +4, Str/Int -1) [an
                  | orb of fire]
 80773 | Zot:5    | Gained mutation: You sometimes lose your temper in combat.
                  | [an orb of fire]
 80777 | Zot:5    | Killed an orb of fire
 80864 | Zot:5    | Killed an orb of fire
 81323 | Zot:5    | Identified the +4 sling "Sontyjesh" {flame, rF++ Str+2
                  | Dex-5}
 81854 | Zot:5    | Got the Orb of Zot
 82193 | D:13     | Noticed an ancient lich
 82194 | D:13     | Noticed Imnewnas the pandemonium lord
 82203 | D:13     | Killed an ancient lich
 82515 | D:$      | Escaped with the Orb!

Illustrated notes

Levels and vault maps discovered:
D:1:      dpeg_arrival_chambers_temple_mockup, layout_basic, serial_shops,
          nicolae_shop_back_alley_shop
D:2:      layout_loops_ring, uniq_crazy_yiuf_cottage, uniq_robin
D:3:      layout_basic
D:4:      layout_loops_cross, minmay_temple_entry_enclosed_plants,
          kennysheep_donut
D:5:      layout_basic, mainiacjoe_overflow_cross_hatched,
          ebering_ghost_sewer_d, kennysheep_generic_room_15
D:6:      layout_layer_cave, kb_rosetta, uniq_duvessa
D:7:      layout_loops_ring, mainiacjoe_overflow_chevrons, minmay_misc_feat_x,
          nicolae_alphabet_shops
D:8:      layout_cave_pods, uniq_maurice
D:9:      layout_gridville, uniq_grum, uniq_joseph, uniq_amaemon, uniq_jeremiah,
          uniq_erolcha, uniq_psyche
D:10:     layout_basic, amcnicky_altar_gilded, dpeg_lair_monsters,
          hellmonk_ghost_big_iron, uniq_lodul, uniq_sonja
D:11:     layout_roguey, orc_0_dummy, minmay_fractal_squares_gapless_5,
          uniq_urug
D:12:     layout_long_grid
D:13:     layout_stronghold, portal_ice_cave_demonic_guard
D:14:     layout_big_octagon, david_vaults_4, serial_column_ruins,
          column_ruins_hut_water, column_ruins_hut_pillars,
          column_ruins_corridor_corner, column_ruins_open_tiny_water,
          column_ruins_columns_straight, column_ruins_open_tiny,
          hangedman_decor_diamond_cutter
D:15:     grunt_enter_depths_hoard, layout_cave_pods, serial_glass,
          glass_columns_a, glass_columns_a, due_unseen_surprise,
          item_on_display_b, minmay_strange_pillars, chequers_hall_statues_y
Temple:   hellmonk_temple_divided_pantheon
Lair:1:   layout_gridlike, serial_bayou_shore_a, uniq_erica
Lair:2:   layout_loops_ring, mainiacjoe_shoals_entry_four_pools,
          nicolae_spider_entry_lesser_pyramids, nzn_ghost_randoct,
          lemuel_fruit_tree, uniq_nergalle
Lair:3:   layout_regular_city, gauntlet_entry_generic, minmay_lair_oklob_items
Lair:4:   layout_layer_cave, maelrawn_ghost_gauntlet_escape
Lair:5:   gammafunk_lair_ancient_temple, layout_cave_pods, slime_entry_1
Shoals:1: layout_shoals, serial_shops, nicolae_shop_just_a_little_nook
Shoals:2: nicolae_shoals_deep_elves_summer_vacation, layout_shoals, uniq_ilsuiw
Shoals:3: layout_shoals, nicolae_shoals_hunting_party, uniq_aizul
Shoals:4: shoals_end_grunt_ice, layout_shoals, nicolae_shoals_drake_roost
Spider:1: layout_spider_delve
Spider:2: layout_cave_pods, nicolae_spider_orb_run
Spider:3: layout_spider_delve
Spider:4: floodkiller_spider_rune_tomb, hellmonk_ghost_happy_afterlife
Slime:1:  cheibrodos_slime_lost_civilization_10, layout_caves
Slime:2:  layout_caves, nicolae_slime_getting_an_eyeful
Slime:3:  layout_caves, nicolae_slime_round_cave
Slime:4:  cheibrodos_slime_lost_civilization_9, layout_caves
Slime:5:  slime_pit_nicolae_block_by_block
Orc:1:    layout_caves, serial_shops, nicolae_shop_tiny_real_fake_doors,
          nicolae_shop_stone, nicolae_shop_tiny_real_fake_doors,
          nicolae_shop_vocational
Orc:2:    grunt_orc_cross, layout_caves, uniq_rupert
Elf:1:    elf_arrival_001, layout_loops_corners, portal_desolation_entry_garden,
          serial_shops, nicolae_shop_crystal, kilobyte_rumbling_trees
Elf:2:    elven_hall_of_blades_hangedman_original [nooodl_blade_entry_preview],
          layout_onion_city, serial_shops, bzr_entry_lakeside, uniq_roxanne,
          uniq_jorgrun
Elf:3:    minmay_elf_hall_quartered_circle, layout_gridlike, serial_shops,
          nicolae_shop_back_alley_shop, shop, nicolae_shop_advertising_works
          [nicolae_subvault_shop_adworks], nicolae_shop_waterfront, drop_trap,
          nrook_uturn, palyth_stone_intersect, regret_index_elf_centigrade
Vaults:1: st_check, nicolae_vaults_shrinking_rooms_1, v_misc_16, v_misc_2,
          nicolae_vaults_heart-shaped_vault, v_misc_30,
          nicolae_vaults_closet_pinwheel_5, v_alt_pattern_2, v_misc_13,
          vaults_dpeg_cross, layout_vaults_omnibox
Vaults:2: hangedman_vaults_snaps, nicolae_vaults_storage_closets_2,
          nicolae_vaults_mitosis, nicolae_vaults_diagonal_hallway_7,
          ontoclasm_vaults_echo, vaults_room_door_ring, vaults_room_fours,
          hangedman_vaults_restitches, nicolae_vaults_weapon_check,
          nicolae_vaults_trapezoid_1, nicolae_vaults_circle_grid_a,
          vaults_room_semicircle, vaults_room_ringed_pool,
          nicolae_vaults_gold_heap, layout_vaults_omnicross, serial_shops,
          nicolae_shop_stone, uniq_frederick
Vaults:3: v_alt_pattern_5, minmay_crypt_entry_simple_round, v_misc_2, v_misc_22,
          nicolae_vaults_trapezoid_2, nicolae_vaults_circle_grid_a, v_misc_27,
          layout_vaults_big_room
Vaults:4: advil_vaults_ghost_lines, nicolae_vaults_tangram_1,
          vaults_room_door_ring, vaults_mumra_lcd,
          nicolae_vaults_closet_pinwheel_2, ontoclasm_vaults_chip,
          vaults_room_mumra_shop_pool, vaults_room_guarded_vault, v_misc_32,
          nicolae_vaults_sesquioval_fish, layout_vaults_omnigrid
Depths:1: layout_cave_shapes, nicolae_the_louvre, pf_hell_entry_tar_spiral,
          dreamdust_looks_like_rain, grunt_megastairs_5, serial_bayou_shore_b
Depths:2: hellmonk_hyper_hexagons [hex_subvault_bell, hex_subvault_dug_out,
          hex_subvault_big_grid, hex_subvault_octagon, hex_subvault_one_slice,
          hex_subvault_roundabout], pan_entry, abyss_entry, hell_entry
Depths:3: kennysheep_gozag_temple, layout_small_grid,
          abyss_entry_small_statue_room, hell_entry, serial_bayou,
          serial_bayou_crossing, serial_bayou_pond_c, serial_bayou_pond_e,
          serial_bayou_pond_c, pan_entry, amcnicky_mini_pool_small,
          minmay_door_square
Depths:4: grunt_zot_entry_alcove, layout_basic, enter_ziggurat_f,
          minmay_misc_feat_square, hellmouth_2, uniq_parghit
Zot:1:    layout_misc_corridors
Zot:2:    layout_gridlike, regret_index_zotdec_obsidian_hm
Zot:3:    layout_gridlike, hangedman_zot_decor_slant, grunt_ministairs_10
Zot:4:    layout_gridville, regret_index_zotdec_banners, grunt_megastairs_2,
          uniq_grunn
Zot:5:    layout_cathedral_of_symmetry

Skill      XL: |  1  2  3  4  5  6  7  8  9 10 11 12 13 14 15 16 17 18 19 20 21 22 23 24 25 26 27 |
---------------+----------------------------------------------------------------------------------+-----
Ice Magic      | 1 2 4 5 |  5.0
Stealth        | 4 5 6 |  6.0
Hexes          | 4 5 6 7 |  7.0
Fighting       | 2 4 5 8 9 10 11 13 15 16 18 21 | 21.0
Spellcasting   | 3 4 5 7 10 11 13 | 13.0
Translocations | 2 9 10 11 | 11.0
Evocations     | 3 6 9 12 13 | 13.0
Short Blades   | 2 4 |  4.0
Dodging        | 2 3 4 5 10 12 14 17 | 17.0
Air Magic      | 6 8 9 |  9.0
Invocations    | 2 5 7 11 13 14 | 14.0
Summonings     | 6 9 11 13 14 19 20 22 | 22.3
Maces & Flails | 3 8 9 12 | 12.0
Armour         | 3 8 |  8.0
Shields        | 6 8 9 |  9.7
Necromancy     | 9 11 | 11.0

Action                     |  1- 3 |  4- 6 |  7- 9 | 10-12 | 13-15 | 16-18 | 19-21 | 22-24 | 25-27 || total
---------------------------+-------+-------+-------+-------+-------+-------+-------+-------+-------++-------
  Melee: Dagger            |    62 |    80 |   119 |   151 |    26 |       |       |       |       ||   438
         Bite              |     8 |    18 |    29 |    83 |   244 |   133 |   371 |   378 |   383 ||  1647
         Demon whip        |       |       |       |    74 |   541 |   323 |   763 |   656 |   693 ||  3050
  Throw: Stone             |     3 |       |       |       |       |       |       |       |       ||     3
         Dart              |       |       |     7 |       |       |     3 |       |       |       ||    10
         Throwing net      |       |       |       |       |       |       |       |       |     1 ||     1
   Cast: Ensorcelled Hiber |    32 |    31 |    35 |     5 |    12 |     1 |       |       |       ||   116
         Confusing Touch   |       |     3 |     2 |     1 |     2 |       |       |       |       ||     8
         Tukima's Dance    |       |     5 |    21 |    10 |     6 |    19 |       |       |       ||    61
         Blink             |       |       |     1 |     3 |     6 |       |     2 |     1 |     7 ||    20
         Airstrike         |       |       |       |    28 |   182 |   230 |   131 |    11 |     2 ||   584
         Summon Lightning  |       |       |       |    31 |    68 |    54 |    29 |     1 |       ||   183
         Call Imp          |       |       |       |     4 |     8 |     2 |       |       |       ||    14
         Ozocubu's Armour  |       |       |       |       |     7 |     7 |     2 |       |       ||    16
         Frozen Ramparts   |       |       |       |       |    12 |    27 |    10 |       |       ||    49
         Summon Cactus Gia |       |       |       |       |     2 |    49 |    45 |    16 |     3 ||   115
         Summon Ice Beast  |       |       |       |       |       |    17 |     1 |       |       ||    18
         Call Canine Famil |       |       |       |       |       |    11 |     4 |       |       ||    15
         Summon Horrible T |       |       |       |       |       |       |    44 |    23 |    50 ||   117
         Malign Gateway    |       |       |       |       |       |       |     5 |     7 |    24 ||    36
         Apportation       |       |       |       |       |       |       |       |     2 |       ||     2
         Manifold Assault  |       |       |       |       |       |       |       |       |    15 ||    15
         Haunt             |       |       |       |       |       |       |       |       |   146 ||   146
 Invoke: Light the Black T |       |     2 |     3 |     6 |    11 |     8 |     6 |     8 |     7 ||    51
         Hurl Torchlight   |       |       |       |     6 |    14 |     9 |     8 |    11 |    11 ||    59
         Recall Undead Har |       |       |       |       |    11 |    11 |    19 |    11 |     2 ||    54
         Bind Soul         |       |       |       |       |     1 |     1 |     1 |       |       ||     3
         Fathomless Shackl |       |       |       |       |       |       |       |     1 |     1 ||     2
Ability: Evoke Blink       |       |       |       |       |       |       |       |     1 |       ||     1
  Evoke: Wand              |       |       |    10 |     3 |     8 |     8 |    16 |     6 |    14 ||    65
         Condenser vane    |       |       |       |       |     1 |     1 |     1 |     1 |     1 ||     5
    Use: Potion            |     2 |     1 |       |     1 |     1 |     3 |     1 |     2 |    15 ||    26
         Scroll            |     3 |     3 |     6 |     8 |    15 |    12 |    11 |     7 |    15 ||    80
   Stab: Sleeping          |    18 |    23 |    16 |    14 |    20 |     3 |    19 |     5 |     8 ||   126
         Invisible         |     5 |       |       |       |       |       |       |       |     1 ||     6
         Confused          |       |     1 |     1 |       |     1 |     1 |       |       |     6 ||    10
         Paralysed         |       |       |     5 |       |     2 |       |     2 |     3 |    13 ||    25
         Distracted        |       |       |       |     2 |    13 |    11 |    17 |    16 |    33 ||    92
 Armour: Robe              |    30 |    47 |    64 |   134 |   337 |   316 |   449 |   316 |   489 ||  2182
  Dodge: Dodged            |    37 |    41 |    81 |   123 |   316 |   190 |   257 |   367 |   580 ||  1992
  Block: Buckler           |       |       |       |       |    71 |    95 |   134 |   169 |   307 ||   776
         Reflection        |       |       |       |       |       |       |       |       |     4 ||     4

Table legend: (Time is in decaauts)
 A = Elapsed time spent in this place.
 B = Non-inter-level travel time spent in this place.
 C = Inter-level travel time spent in this place.
 D = Time resting spent in this place.
 E = Time spent auto-exploring this place.
 F = Levels seen in this place.
 G = Mean time per level.
                   A        B        C        D        E       F      G
               +--------+--------+--------+--------+--------+-----+--------+
         Total |  82117 |  61502 |  20615 |  15954 |  14952 |  56 | 1466.4 |
       Dungeon |  23602 |  15081 |   8521 |   3406 |   3198 |  15 | 1573.5 |
        Temple |     31 |     31 |      0 |      0 |      0 |   1 |   31.0 |
          Lair |   9622 |   6179 |   3443 |   1396 |   2009 |   5 | 1924.4 |
        Shoals |   8283 |   6733 |   1550 |   3736 |    755 |   4 | 2070.8 |
   Spider Nest |   4650 |   3765 |    885 |    562 |   1053 |   4 | 1162.5 |
    Slime Pits |   1537 |   1076 |    461 |     57 |     44 |   5 |  307.4 |
  Orcish Mines |   3309 |   2214 |   1095 |    684 |    563 |   2 | 1654.5 |
   Elven Halls |   5970 |   4898 |   1072 |    910 |   1234 |   3 | 1990.0 |
        Vaults |   6797 |   5509 |   1288 |    779 |   2003 |   4 | 1699.2 |
        Depths |   5672 |   4455 |   1217 |    624 |   1352 |   4 | 1418.0 |
           Zot |   8126 |   7047 |   1079 |   1629 |   2545 |   5 | 1625.2 |
        Bazaar |     52 |     52 |      0 |      0 |      0 |   1 |   52.0 |
      Ice Cave |   2600 |   2600 |      0 |   1645 |      0 |   1 | 2600.0 |
    Desolation |   1180 |   1180 |      0 |    158 |    194 |   1 | 1180.0 |
      Gauntlet |    679 |    679 |      0 |    368 |      0 |   1 |  679.0 |
               +--------+--------+--------+--------+--------+-----+--------+

Top non-repeatable levels by time:
   Zot:5: 3337 daAuts
  Lair:2: 3123 daAuts
Shoals:4: 2826 daAuts
    D:10: 2674 daAuts
   IceCv: 2600 daAuts
   Orc:2: 2519 daAuts
Shoals:2: 2363 daAuts
   Elf:2: 2160 daAuts
   Elf:3: 2148 daAuts
Vaults:1: 2011 daAuts
Depths:4: 2005 daAuts
  Lair:5: 1861 daAuts
     D:6: 1855 daAuts
Vaults:4: 1829 daAuts
  Lair:4: 1801 daAuts
